 Dungeon Crawl Stone Soup version 0.20-a0-1040-gfd09691 (webtiles) character file.

81 Gorglomux the Gusty (level 4, 0/33 HPs)
             Began as a Draconian Air Elementalist on Apr 23, 2017.
             Was an Initiate of Trog.
             Slain by a worker ant (3 damage)
             ... on level 3 of the Dungeon.
             The game lasted 00:07:51 (3016 turns).

Gorglomux the Gusty (Draconian Air Elementalist)    Turns: 3016, Time: 00:07:51

Health: 0/33       AC:  5    Str: 11    XL:     4   Next: 19%
Magic:  7/7        EV: 12    Int: 16    God:    Trog [......]
Gold:   122        SH:  0    Dex: 11    Spells: 7/8 levels left

rFire    + . .     SeeInvis .   e - +0 falchion
rCold    + . .     Gourm    .   (no shield)
rNeg     . . .     Faith    .   (armour unavailable)
rPois    +         Spirit   .   (helmet restricted)
rElec    +         Reflect  .   (no cloak)
rCorr    +         Harm     .   (no gloves)
MR       .....                  (no boots)
Stlth    ++........             (no amulet)
Regen    0.2/turn               (no ring)
MPRegen  0.1/turn               (no ring)

@: lethally poisoned (0 -> -3), resistant
A: unfitting armour, cold-blooded, AC +5
a: Burn Spellbooks, Renounce Religion


You were on level 3 of the Dungeon.
You worshipped Trog.
Trog was noncommittal.
You were not hungry.

You visited 1 branch of the dungeon, and saw 3 of its levels.

You collected 122 gold pieces.

Inventory:

Hand Weapons
 e - a +0 falchion (weapon)
   (You took it off an orc on level 3 of the Dungeon)
Wands
 n - a wand of paralysis (24/24)
   (You found it on level 3 of the Dungeon)
Scrolls
 f - a scroll of recharging
 l - 3 scrolls of enchant weapon
Books
 a - a book of Air
Comestibles
 b - 2 bread rations {@e1@e1}
 d - a meat ration {@e2@e2}
 i - 2 royal jellies
 j - 7 chunks of flesh {@w0@w0}
 m - a fruit


   Skills:
 - Level 1.7 Dodging
 - Level 1.7 Stealth
 - Level 2.5 Spellcasting
 - Level 2.7 Conjurations
 - Level 3.9 Air Magic


You had 7 spell levels left.
You knew the following spells:

 Your Spells              Type           Power        Failure   Level  Hunger
a - Shock                 Conj/Air       ##..         4%          1    #......


Dungeon Overview and Level Annotations

Branches:
Dungeon (3/15)

Altars:
Dithmenos
Okawaru
Trog
Xom

Annotations:
D:3 Natasha, Robin


Innate Abilities, Weirdness & Mutations

Your plain brown scales are hard. (AC +5)
You cannot fit into any form of body armour.
You are cold-blooded and may be slowed by cold attacks.


Message History

It was a potion of resistance.
You feel protected. The worker ant misses you.
You riposte.
You barely miss the worker ant.
Your tail-slap misses the worker ant.
You hit the worker ant but do no damage.
Your tail-slap misses the worker ant.
The worker ant barely misses you.
You completely miss the worker ant. The worker ant bites you. x2
You closely miss the worker ant. The worker ant bites you.
You take 3 damage, and have 30/33 hp.
You hit the worker ant. The worker ant closely misses you.
You riposte.
You barely miss the worker ant. The worker ant misses you.
Unknown command.
You hit the worker ant but do no damage.
The worker ant barely misses you. The worker ant bites you.
You take 6 damage, and have 24/33 hp.
Unknown command.
You closely miss the worker ant. The worker ant closely misses you.
You hit the worker ant. The worker ant bites you.
The worker ant bites you but does no damage.
You take 6 damage, and have 18/33 hp.
Unknown command.
You are too injured to fight recklessly!
Unknown command.
You are too injured to fight recklessly!
You closely miss the worker ant. The worker ant misses you.
You riposte.
You hit the worker ant.
It was a potion of heal wounds.
You feel much better. The worker ant barely misses you.
You riposte.
You barely miss the worker ant. The worker ant bites you.
You regained 14 hp, and now have 32/33 hp.
You hit the worker ant but do no damage.
The worker ant bites you.
You take 3 damage, and have 29/33 hp.
You barely miss the worker ant.
Your tail-slap misses the worker ant.
The worker ant bites you.
The worker ant bites you but does no damage.
You take 1 damage, and have 28/33 hp.
You barely miss the worker ant. The worker ant closely misses you.
You hit the worker ant. The worker ant closely misses you.
The worker ant misses you.
You closely miss the worker ant. The worker ant barely misses you.
You barely miss the worker ant. The worker ant bites you.
The worker ant barely misses you.
You riposte.
You barely miss the worker ant.
You take 4 damage, and have 24/33 hp.
You completely miss the worker ant.
Your tail-slap misses the worker ant.
The worker ant misses you.
You hit the worker ant but do no damage.
The worker ant bites you but does no damage. x2
You hit the worker ant but do no damage.
You tail-slap the worker ant, but do no damage.
The worker ant bites you. The worker ant barely misses you.
You take 3 damage, and have 22/33 hp.
You barely miss the worker ant. The worker ant barely misses you.
You barely miss the worker ant.
The worker ant bites you but does no damage.
The worker ant closely misses you.
You barely miss the worker ant.
The worker ant bites you but does no damage.
You hit the worker ant but do no damage.
Your tail-slap misses the worker ant.
The worker ant bites you but does no damage.
The worker ant bites you.
You are poisoned.
The worker ant poisons you!
You take 2 damage, and have 20/33 hp.
You hit the worker ant but do no damage.
You feel sick. The worker ant bites you!
You take 9 damage, and have 11/33 hp.
MASSIVE DAMAGE!!
You barely miss the worker ant.
You feel sick. The worker ant barely misses you.
You riposte.
You closely miss the worker ant. The worker ant closely misses you.
Unknown command.
You barely miss the worker ant.
You tail-slap the worker ant, but do no damage.
You feel sick. The worker ant barely misses you.
You take 1 damage, and have 10/33 hp.
Unknown command.
You closely miss the worker ant.
You feel sick.
The worker ant bites you but does no damage. x2
You take 1 damage, and have 9/33 hp.
Unknown command.
You aren't carrying any potions.
Unknown command.
Okay, then.
You hit the worker ant but do no damage.
The worker ant barely misses you.
Natasha hisses angrily.
You hit the worker ant but do no damage.
You feel sick.
The worker ant bites you but does no damage.
The worker ant bites you.
* * * LOW HITPOINT WARNING * * *
You hit the worker ant. The worker ant barely misses you.
The worker ant closely misses you.
You take 5 damage, and have 4/33 hp.
You hit the worker ant.
* * * LOW HITPOINT WARNING * * *
You feel sick. The worker ant bites you.
You die...

##############
...)...@ah÷..####
###########.)...#
#.....# #.._..##
#..8...# #.._...#
#......#
..##...†..#
.h...........###


You could see a worker ant and Natasha.

Vanquished Creatures
  An adder (D:2)
  A worm (D:2)
  2 dart slugs
  2 leopard geckos
  6 orcs (D:3)
  2 giant cockroaches
  5 goblins
  6 hobgoblins
  8 jackals
  10 kobolds
  2 bats (D:2)
  2 frilled lizards (D:1)
  4 rats
51 creatures vanquished.

Notes
Turn   | Place    | Note
-------+----------+-------------------------------------------
     0 | D:1      | Gorglomux the Draconian Air Elementalist began the quest for the Orb.
     0 | D:1      | Reached XP level 1. HP: 14/14 MP: 3/3
   745 | D:1      | Reached XP level 2. HP: 20/20 MP: 5/5
  1791 | D:2      | Found a shimmering altar of Xom.
  1912 | D:2      | Reached XP level 3. HP: 22/26 MP: 0/6
  1971 | D:2      | Reached skill level 2 in Conjurations
  2222 | D:2      | Found a shadowy altar of Dithmenos.
  2381 | D:3      | Noticed Robin
  2381 | D:3      | Noticed Natasha
  2619 | D:3      | Reached XP level 4. HP: 25/33 MP: 0/7
  2834 | D:3      | Found an iron altar of Okawaru.
  2837 | D:3      | Found a bloodstained altar of Trog.
  2971 | D:3      | Became a worshipper of Trog the Wrathful
  3014 | D:3      | HP: 8/33 [poisoned by a worker ant]
  3016 | D:3      | HP: 3/33 [poisoned by a worker ant]
  3016 | D:3      | Slain by a worker ant

Vault maps used:
D:1:      dpeg_arrival_chase
D:2:      nicolae_dithmenos_shadow_blocks, xom_teletrap_fun, grunt_ministairs_13
D:3:      chequers_temple_overflow_statue_of_worship, minmay_misc_feat_plants,
          elyvilon_altar_4, uniq_robin, uniq_natasha, uniq_terence

Skill      XL: |  1  2  3 |
---------------+----------+-----
Conjurations   | 2 |  2.7
Dodging        | |  1.7
Stealth        | |  1.7
Spellcasting   | |  2.5
Air Magic      | |  3.9

Action                   |  1- 3 |  4- 6 || total
-------------------------+-------+-------++-------
Melee: Dagger            |    66 |    11 ||    77
       Tailslap          |     6 |     6 ||    12
       Falchion          |       |    35 ||    35
 Cast: Shock             |    73 |     9 ||    82
  Use: Scroll            |       |     5 ||     5
       Potion            |       |     2 ||     2
 Stab: Sleeping          |     1 |       ||     1
  Eat: Chunk             |     6 |     2 ||     8
Armor: Skin              |    31 |    13 ||    44
Dodge: Dodged            |    65 |    40 ||   105
       Rpst.: Falchion   |       |     9 ||     9

Vault maps used:
D:1:      dpeg_arrival_chase
D:2:      nicolae_dithmenos_shadow_blocks, xom_teletrap_fun, grunt_ministairs_13
D:3:      chequers_temple_overflow_statue_of_worship, minmay_misc_feat_plants,
          elyvilon_altar_4, uniq_robin, uniq_natasha, uniq_terence

Table legend:
 A = Turns spent in this place as a percentage of turns spent in the entire game.
 B = Non-inter-level travel turns spent in this place as a percentage of non-inter-level travel turns spent in the entire game.
 C = Inter-level travel turns spent in this place as a percentage of turns spent in this place.
 D = Turns resting spent in this place as a percentage of non-inter-level travel turns spent in this place.
 E = Turns spent auto-exploring this place as a percentage of non-inter-level travel turns spent in this place.
 F = Non-inter-level travel turns spent in this place divided by the number of levels of this place that you've seen.
                   A       B       C       D       E      F
               +-------+-------+-------+-------+-------+----------------------
         Total | 100.0 | 100.0 |   0.6 |   3.3 |   8.4 | 261.3
       Dungeon | 100.0 | 100.0 |   0.6 |   3.3 |   8.4 | 261.3
               +-------+-------+-------+-------+-------+----------------------

Table legend:
 A = Kills in this place as a percentage of kills in entire the game.
 B = Kills by you in this place as a percentage of kills by you in the entire game.
 C = Kills by friends in this place as a percentage of kills by friends in the entire game.
 D = Other kills in this place as a percentage of other kills in the entire game.
 E = Experience gained in this place as a percentage of experience gained in the entire game.
 F = Experience gained in this place divided by the number of levels of this place that you have seen.
                   A       B       C       D       E      F
               +-------+-------+-------+-------+-------+----------------------
         Total | 100.0 | 100.0 |  -nan |  -nan | 100.0 |  38.7
       Dungeon | 100.0 | 100.0 |  -nan |  -nan | 100.0 |  38.7
               +-------+-------+-------+-------+-------+----------------------
